 Dungeon Crawl Stone Soup version 0.28.0-47-ge53b351184 (webtiles) character file.

Game seed: 616714159764919710

463 Kaptain the Magician (level 6, -1/35 HPs)
             Began as a Deep Elf Earth Elementalist on Apr 25, 2022.
             Killed from afar by a steam dragon (21 damage)
             ... with a ball of steam
             ... on level 4 of the Dungeon.
             The game lasted 00:08:08 (3685 turns).

Kaptain the Magician (Deep Elf Earth Elementalist)  Turns: 3685, Time: 00:08:09

Health: -1/35      AC:  4    Str:  5    XL:     6   Next: 79%
Magic:  9/15       EV: 12    Int: 22    God:
Gold:   142        SH:  0    Dex: 15    Spells: 8/15 levels left

rFire   . . .      SeeInvis .   m - +0 war axe
rCold   . . .      Faith    .   (no shield)
rNeg    . . .      Spirit   .   u - +0 leather armour
rPois   .          Reflect  .   k - +0 helmet
rElec   .          Harm     .   (no cloak)
rCorr   .          Rampage  .   (no gloves)
Will    .....                   (no boots)
Stlth   ++........              (no amulet)
HPRegen 0.11/turn               b - ring of wizardry
MPRegen 0.14/turn               (no ring)

@: very slightly contaminated
A: no striking features
a: no special abilities


You were on level 4 of the Dungeon.
You visited 1 branch of the dungeon, and saw 4 of its levels.

You collected 142 gold pieces.

Inventory:

Hand Weapons
 a - a +0 dagger
 m - a +0 war axe (weapon)
 p - a +0 falchion
Missiles
 c - 25 stones
Armour
 k - a +0 helmet (worn)
 r - a +0 scale mail
 u - a +0 leather armour (worn)
Magical Staves
 f - a staff of conjuration
Jewellery
 b - a ring of wizardry (left hand)
 j - a ring of fire
Wands
 t - a wand of paralysis (11)
Scrolls
 d - a scroll of immolation {unknown}
 e - a scroll of identify
 g - a scroll of teleportation {unknown}
 i - a scroll of torment {unknown}
 l - a scroll of vulnerability {unknown}
 n - a scroll of blinking {unknown}
 s - a scroll of amnesia {unknown}
Potions
 h - a potion of curing {unknown}
 o - 2 potions of might
 q - 2 potions of heal wounds


   Skills:
 * Level 2.1 Fighting
 + Level 1.4 Armour
 + Level 3.3 Dodging
 + Level 3.4 Stealth
 * Level 5.0 Spellcasting
 * Level 3.2 Conjurations
 - Level 1.1 Transmutations
 * Level 4.6 Earth Magic


You had 8 spell levels left.
You knew the following spells:

 Your Spells              Type           Power      Damage    Failure   Level
a - Sandblast             Erth           52%        2d12      1%          1
b - Stone Arrow           Conj/Erth      44%        3d9       4%          3
c - Mephitic Cloud        Conj/Pois/Air  10%        N/A       12%         3

Your spell library contained the following spells:

 Spells                   Type           Power      Damage    Failure   Level
 Magic Dart               Conj           76%        1d6       1%          1
 Passwall                 Tmut/Erth      15%        N/A       3%          2
 Call Imp                 Summ           5%         N/A       10%         2
 Petrify                  Tmut/Erth      18%        N/A       21%         4


Dungeon Overview and Level Annotations

Branches:
Dungeon (4/15)
 Temple: D:4-7

Altars:
Fedhas
Qazlal
Ru

Shops:
D:1 =   D:3 [


Message History

The hound skeleton is almost destroyed.
The hound skeleton misses you.
Casting: Sandblast (safe; 1% risk of failure)
Confirm with . or Enter, or press ? or * to list all spells.
Aiming: Sandblast (safe; 1% risk of failure)
Press: ? - help, Shift-Dir - straight line, f/p - hound skeleton
Aim: a hound skeleton (almost destroyed, 91% to hit)
The blast of sand hits the hound skeleton!
You destroy the hound skeleton!
Your Spellcasting skill increases to level 5!
Unknown command.
Unknown command.
You start resting.
Magic restored.
You start waiting.
A steam dragon comes into view.
The steam dragon hisses angrily.
The steam dragon breathes steam at you. The ball of steam hits you!
You start resting.
A steam dragon is nearby!
Casting: Sandblast (safe; 1% risk of failure)
Confirm with . or Enter, or press ? or * to list all spells.
Aiming: Stone Arrow (dangerous; 4% risk of failure)
Press: ? - help, Shift-Dir - straight line, f - steam dragon
Aim: a steam dragon (catching its breath, 71% to hit)
You miscast Stone Arrow.
You are very lightly contaminated with residual magic.
Nothing appears to happen.
Unknown command.
Casting: Stone Arrow (dangerous; 4% risk of failure)
Confirm with . or Enter, or press ? or * to list all spells.
Aiming: Stone Arrow (dangerous; 4% risk of failure)
Press: ? - help, Shift-Dir - straight line, f/p - steam dragon
Aim: a steam dragon (71% to hit)
You miscast Stone Arrow.
Nothing appears to happen.
The steam dragon breathes steam at you. The ball of steam hits you!!
Ouch! That really hurt!
You die...

#..##.## #....
#..# #..####
#.... ...#
##....# ......
...# #.'#### ##+
...^... ..#
#.#)..#...#
....... ..
#.#...#...#
#####
###.†.....#
###._.###
#.@.....# ###
#.§.#...# ....
#D..#...# ....
...D.§'#######'.
..... .......
... .....#
....... ..
......# .......
.<..... .......
....#. .......
......#


You could see a steam dragon (catching breath).

Vanquished Creatures
  Sigmund (D:3)
  A water moccasin skeleton (D:2)
  A howler monkey (D:4)
  An orc wizard (D:4)
  An iguana (D:4)
  2 hound skeletons (D:4)
  A howler monkey skeleton (D:4)
  4 adders
  3 worms (D:2)
  A dart slug (D:2)
  11 orcs
  9 ball pythons
  5 bats
  7 endoplasms
  6 goblins
  9 hobgoblins
  6 kobolds
  A quokka (D:1)
  8 frilled lizards
  7 rats
85 creatures vanquished.

Vanquished Creatures (others)
  2 fungi (D:3)
  A plant (D:3)
3 creatures vanquished.

Grand Total: 88 creatures vanquished

Notes
Turn   | Place    | Note
-------+----------+-------------------------------------------
     0 | D:1      | Kaptain the Deep Elf Earth Elementalist began the quest for
                  | the Orb.
     0 | D:1      | Reached XP level 1. HP: 10/10 MP: 6/6
    44 | D:1      | Found Poehoapt's Jewellery Boutique.
   218 | D:1      | Reached XP level 2. HP: 12/15 MP: 6/8
  1102 | D:2      | Reached skill level 1 in Conjurations
  1106 | D:2      | Reached XP level 3. HP: 14/20 MP: 3/9
  1695 | D:2      | Learned a level 3 spell: Stone Arrow
  1801 | D:2      | Reached XP level 4. HP: 24/24 MP: 9/11
  1808 | D:2      | Reached skill level 1 in Fighting
  1808 | D:2      | Reached skill level 4 in Spellcasting
  2484 | D:3      | Found Uhoxzih's Antique Armour Boutique.
  2556 | D:3      | Reached XP level 5. HP: 29/29 MP: 10/13
  2605 | D:3      | Reached skill level 1 in Armour
  2785 | D:3      | Found a blossoming altar of Fedhas.
  2806 | D:3      | Found a faded altar of an unknown god.
  2828 | D:3      | Found a stormy altar of Qazlal.
  2899 | D:3      | Noticed Sigmund
  2916 | D:3      | Killed Sigmund
  2917 | D:3      | Reached XP level 6. HP: 29/35 MP: 9/15
  3406 | D:4      | Learned a level 3 spell: Mephitic Cloud
  3485 | D:4      | Found a sacrificial altar of Ru.
  3499 | D:4      | Reached skill level 5 in Spellcasting
  3676 | D:4      | Noticed a steam dragon
  3685 | D:4      | Killed from afar by a steam dragon

Illustrated notes

Levels and vault maps discovered:
D:1:      dpeg_arrival_short_road, layout_basic, serial_shops, shop
D:2:      layout_loops_ring
D:3:      layout_rooms, grunt_temple_overflow_forces_of_nature,
          hellmonk_ecumenical_altar_arch_garden, serial_shops,
          nicolae_shop_competitors_out_of_business, uniq_sigmund
D:4:      layout_layer_cave, nicolae_ru_great_annihilating_truth,
          mainiacjoe_overflow_catwalk_spiral

Skill      XL: |  1  2  3  4  5  6 |
---------------+-------------------+-----
Conjurations   | 1 2 3 |  3.2
Fighting       | 1 2 |  2.1
Spellcasting   | 4 5 |  5.0
Earth Magic    | 4 |  4.6
Armour         | 1 |  1.4
Dodging        | 3 |  3.3
Stealth        | 3 |  3.4
Transmutations | |  1.1

Action                   |  1- 3 |  4- 6 || total
-------------------------+-------+-------++-------
Melee: Dagger            |    21 |       ||    21
       War axe           |       |    18 ||    18
       Punch             |       |     1 ||     1
 Cast: Sandblast         |    49 |    58 ||   107
       Stone Arrow       |       |     7 ||     7
  Use: Scroll            |       |     3 ||     3
       Potion            |       |     1 ||     1
 Stab: Sleeping          |     8 |       ||     8
Armor: Robe              |     3 |     6 ||     9
       Leather armour    |       |    13 ||    13
Dodge: Dodged            |    17 |    33 ||    50
